 Dungeon Crawl Stone Soup version 0.28-a0-1382-g92835e5c71 (webtiles) character file.

Game seed: 8040248748608907662

3726 Gwenloh the Fighter (level 10, -18/82 HPs)
             Began as a Human Warper on Jan 1, 2022.
             Was a Follower of Uskayaw.
             Shot with a sling bullet by Joseph (20 damage)
             ... on level 8 of the Dungeon.
             The game lasted 00:25:42 (8677 turns).

Gwenloh the Fighter (Human Warper)                  Turns: 8677, Time: 00:25:42

Health: -18/82     AC:  8    Str: 12    XL:     10   Next: 36%
Magic:  16/18      EV: 12    Int: 14    God:    Uskayaw [*.....]
Gold:   321        SH:  0    Dex: 14    Spells: 9/20 levels left

rFire   . . .      SeeInvis .   a - +7 lajatang "No More Talking" {speed, rN+ Will++ Int-2 Stlth+}
rCold   . . .      Faith    +   (shield currently unavailable)
rNeg    + . .      Spirit   .   M - +0 steam dragon scales
rPois   +          Reflect  .   g - +0 helmet
rElec   .          Harm     .   (no cloak)
rCorr   .          Rampage  .   y - +0 pair of gloves
Will    ++...                   (no boots)
Stlth   ++........              t - amulet of faith
HPRegen 0.23/turn               E - ring of poison resistance
MPRegen 0.16/turn               (no ring)

@: hasted, very quick
A: no striking features
a: Renounce Religion, Stomp


You were on level 8 of the Dungeon.
You worshipped Uskayaw.
Uskayaw was noncommittal.
You visited 2 branches of the dungeon, and saw 9 of its levels.

You collected 321 gold pieces.

Inventory:

Hand Weapons
 a - the +7 lajatang "No More Talking" (weapon) {speed, rN+ Will++ Int-2 Stlth+}
   (You found it on level 3 of the Dungeon)

   Attacks with this weapon are significantly faster.
   Int:       It affects your intelligence (-2).
   rN:        It protects you from negative energy.
   Will:      It greatly increases your willpower.
   Stlth:     It makes you more stealthy.
 b - a +0 hunting sling
 n - a +0 falchion of flaming
 D - a +2 long sword of distortion
Missiles
 d - 4 boomerangs of dispersal
 f - 164 stones
 p - 2 throwing nets
 q - 5 sling bullets
 s - 13 poisoned darts (quivered)
Armour
 g - a +0 helmet (worn)
 r - a +1 leather armour of fire resistance
 w - an orb of light
 y - a +0 pair of gloves (worn)
 M - +0 steam dragon scales (worn)
Jewellery
 t - an amulet of faith (around neck)
 E - a ring of poison resistance (left hand)
 G - a ring of positive energy
Wands
 z - a wand of iceblast (1)
 C - a wand of flame (13)
 I - a wand of digging (6)
Scrolls
 c - 2 scrolls of blinking
 e - a scroll of noise {unknown}
 i - 2 scrolls of teleportation
 j - a scroll of brand weapon
 o - 2 scrolls of magic mapping
 x - 2 scrolls of enchant armour
 A - 2 scrolls of amnesia {unknown}
 B - a scroll of fear {unknown}
 K - a scroll of vulnerability {unknown}
 L - 2 scrolls of torment {unknown}
Potions
 h - 3 potions of haste
 k - 3 potions of curing
 l - 3 potions of degeneration {unknown}
 m - a potion of flight {unknown}
 u - a potion of heal wounds
 v - a potion of invisibility {unknown}
 F - a potion of attraction {unknown}
 H - a potion of magic {unknown}
 J - a potion of mutation {unknown}


   Skills:
 * Level 8.7 Fighting
 - Level 2.9 Long Blades
 - Level 1.0 Throwing
 + Level 6.0 Armour
 - Level 2.0 Dodging
 + Level 5.8 Spellcasting
 + Level 6.7 Translocations
 + Level 4.4 Invocations


You had 9 spell levels left.
You knew the following spells:

 Your Spells              Type           Power      Damage    Failure   Level
a - Blink                 Tloc           46%        N/A       1%          2
b - Gell's Gravitas       Tloc           23%        N/A       3%          3
c - Lesser Beckoning      Tloc           23%        N/A       3%          3
d - Teleport Other        Tloc           23%        N/A       3%          3

Your spell library contained the following spells:

 Spells                   Type           Power      Damage    Failure   Level
 Manifold Assault         Tloc           23%        N/A       28%         5


Dungeon Overview and Level Annotations

Branches:
Dungeon (8/15)             Temple (1/1) D:5            Lair (0/6) D:8

Altars:
Ashenzari
Cheibriados
Dithmenos
Elyvilon
Fedhas
Gozag
Hepliaklqana
Kikubaaqudgha
Makhleb
Nemelex Xobeh
Okawaru
Qazlal
Ru
Sif Muna
Trog
Uskayaw
Vehumet
Wu Jian
Yredelemnul
Zin
The Shining One

Shops:
D:1 ?

Annotations:
D:8 Erica, Joseph


Message History

a - the +7 lajatang "No More Talking" (weapon)
{speed, rN+ Will++ Int-2 Stlth+} You barely miss Erica.
Erica is lightly wounded.
You slash Erica!
Erica is heavily wounded.
Erica gestures at you while chanting. The lance of force hits you!!
You are knocked back by the lance of force.
You slam into the rock wall!
* * * LOW HITPOINT WARNING * * *
You stomp with the beat, sending a shockwave through the revellers around you!
Erica is severely wounded.
You can no longer stomp with the beat.
Erica misses you.
You can now stomp with the beat.
Unknown command.
You feel much better.
Erica points at you and mumbles some strange words.
The lance of force misses you.
You hit Erica.
Erica is severely wounded.
Joseph shoots a sling bullet.
The sling bullet hits you!!
Erica casts a spell.
Erica flickers and vanishes!
Deactivating autopickup; reactivate with Ctrl-A.
Joseph shoots a sling bullet.
The sling bullet hits you!
* * * LOW HITPOINT WARNING * * *
Something barely misses you.
Joseph shoots a sling bullet.
You feel much better.
You feel yourself speed up. Something hits you! Something burns you.
* * * LOW HITPOINT WARNING * * *
Joseph shoots a sling bullet.
The sling bullet hits you!!
* * * LOW HITPOINT WARNING * * *
A vampire comes into view.
You hear some strange, mumbled words.
A bolt of poison appears from out of thin air!
The bolt of poison misses you.
Joseph shoots a sling bullet.
The sling bullet hits you!!
You die...

##### #...# #...######
#####...##@V.#
#..........#.# .
###....#...###.# # #.
#.......@### #@#
..#.#####.#....#.## ..#
................... ....
).......###....#...##(##
..#......##..........(
#...##..##....#.###..
#..#..#........#.##.((
.................#.....
.#########...##<...#


You could see Joseph and a vampire.

Vanquished Creatures
  Maggie (D:8)
  A hornet (D:7)
  6 yaks (D:6)
  Sigmund (D:3)
  A wyvern (D:4)
  An orc warrior (D:6)
  3 water moccasins
  2 ice beasts
  A sky beast (D:7)
  A black bear (D:6)
  An ogre (D:4)
  2 necrophages
  2 phantoms
  2 bullfrogs
  A wyvern zombie (D:6)
  A scorpion (D:7)
  A wyvern skeleton (D:7)
  2 centaur zombies
  A bullfrog skeleton (D:4)
  2 hounds (D:6)
  5 orc priests
  Ijyb (D:3)
  2 iguanas (D:5)
  An orc wizard (D:6)
  2 hound skeletons
  Robin (D:3)
  5 adders
  3 gnolls (D:5)
  A shadow imp (D:5)
  A white imp (D:7)
  An adder skeleton (D:3)
  2 worms (D:2)
  4 dart slugs
  12 orcs
  3 bats
  7 endoplasms
  3 giant cockroaches
  15 goblins
  10 hobgoblins
  5 jackals
  3 quokkas
  5 ball pythons
  2 frilled lizards (D:3)
  4 kobolds
  4 rats
135 creatures vanquished.

Vanquished Creatures (others)
  3 plants (D:3)
3 creatures vanquished.

Grand Total: 138 creatures vanquished

Notes
Turn   | Place    | Note
-------+----------+-------------------------------------------
     0 | D:1      | Gwenloh the Human Warper began the quest for the Orb.
     0 | D:1      | Reached XP level 1. HP: 16/16 MP: 3/3
   245 | D:1      | Reached XP level 2. HP: 8/22 MP: 5/5
   435 | D:1      | Learned a level 2 spell: Blink
   614 | D:1      | Found Fapry's Magic Scroll Shop.
  1130 | D:2      | Found a faded altar of an unknown god.
  1246 | D:2      | Reached XP level 3. HP: 27/27 MP: 6/6
  1690 | D:3      | Reached XP level 4. HP: 34/34 MP: 7/7
  1732 | D:3      | Identified the +7 lajatang "No More Talking" {speed, rN+
                  | Will++ Int-2 Stlth+}
  1856 | D:3      | Noticed Sigmund
  2232 | D:3      | Killed Sigmund
  2233 | D:3      | Reached skill level 3 in Fighting
  2233 | D:3      | Reached XP level 5. HP: 37/41 MP: 7/9
  2233 | D:3      | Reached XP level 6. HP: 42/47 MP: 7/10
  2237 | D:3      | Learned a level 3 spell: Gell's Gravitas
  2241 | D:3      | Learned a level 3 spell: Lesser Beckoning
  2245 | D:3      | Learned a level 3 spell: Teleport Other
  2371 | D:3      | Found a blossoming altar of Fedhas.
  2371 | D:3      | Noticed an ice beast
  2537 | D:3      | Killed an ice beast
  2538 | D:3      | Reached skill level 4 in Fighting
  2831 | D:3      | Noticed Robin
  2848 | D:3      | Killed Robin
  2849 | D:3      | Reached XP level 7. HP: 50/54 MP: 4/11
  2940 | D:3      | Noticed Ijyb
  2941 | D:3      | Paralysed by Ijyb for 5 turns
  2953 | D:3      | Killed Ijyb
  3201 | D:4      | Noticed a wyvern
  3207 | D:4      | Killed a wyvern
  3484 | D:4      | Reached skill level 5 in Fighting
  3555 | D:4      | Reached XP level 8. HP: 45/62 MP: 13/13
  4016 | D:5      | Entered Level 5 of the Dungeon
  4287 | D:5      | Found a radiant altar of Vehumet.
  4386 | D:5      | Reached skill level 5 in Translocations
  4389 | D:5      | Found a staircase to the Ecumenical Temple.
  4426 | Temple   | Entered the Ecumenical Temple
  4793 | Temple   | Became a worshipper of Uskayaw the Reveller
  4884 | D:5      | Reached * piety under Uskayaw
  4893 | D:5      | Reached ** piety under Uskayaw
  4954 | D:5      | Reached skill level 6 in Fighting
  5335 | D:5      | Reached skill level 1 in Invocations
  5519 | D:5      | Found a shimmering blue altar of Sif Muna.
  5777 | D:6      | Reached XP level 9. HP: 66/71 MP: 15/15
  5852 | D:6      | Reached *** piety under Uskayaw
  5854 | D:6      | Reached **** piety under Uskayaw
  5863 | D:6      | Reached ***** piety under Uskayaw
  5864 | D:6      | Reached skill level 7 in Fighting
  5867 | D:6      | Reached skill level 5 in Armour
  5872 | D:6      | Reached skill level 5 in Spellcasting
  5873 | D:6      | HP: 3/72 [yak (11)]
  7150 | D:7      | Reached XP level 10. HP: 58/80 MP: 18/18
  7154 | D:7      | Reached skill level 8 in Fighting
  7829 | D:7      | Found an ancient bone altar of Kikubaaqudgha.
  7831 | D:7      | Found an ornate altar of the Wu Jian Council.
  7835 | D:7      | Found a glowing silver altar of Zin.
  7859 | D:7      | Found a basalt altar of Yredelemnul.
  7862 | D:7      | Found an iron altar of Okawaru.
  8001 | D:7      | Found a shadowy altar of Dithmenos.
  8289 | D:8      | Found a staircase to the Lair.
  8305 | D:8      | Noticed Maggie
  8316 | D:8      | HP: 4/82 [Maggie (12)]
  8327 | D:8      | Killed Maggie
  8655 | D:8      | Noticed Erica
  8659 | D:8      | Noticed Joseph
  8675 | D:8      | HP: 2/82 [Joseph/sling bullet (19)]
  8677 | D:8      | Shot with a sling bullet by Joseph

Illustrated notes

Levels and vault maps discovered:
D:1:      nicolae_arrival_washed_ashore, layout_loops_cross, serial_shops,
          nicolae_diamond_shop, nicolae_concentric_dashed_squares_mild
D:2:      layout_rooms, nicolae_ecumenical_lake_church
D:3:      corexii_shack_village, layout_basic, mainiacjoe_overflow_chevrons,
          uniq_sigmund, uniq_robin, uniq_ijyb
D:4:      layout_cave_pools
D:5:      layout_loops_ring, nicolae_sif_muna_little_library,
          mainiacjoe_overflow_alcove_1, minmay_temple_entry_slanted,
          enter_ossuary_2
D:6:      layout_cave_pools, minmay_misc_feat_tower, grunt_ministairs_15
D:7:      layout_basic, grunt_dithmenos_shadows, minmay_overflow_temple_star_hex
D:8:      layout_rooms, lair_entry_dummy, uniq_erica, uniq_joseph, uniq_maggie
Temple:   minmay_temple_forest_path

Skill      XL: |  1  2  3  4  5  6  7  8  9 10 |
---------------+-------------------------------+-----
Fighting       | 3 4 5 6 7 8 |  8.7
Armour         | 2 3 4 5 6 |  6.0
Spellcasting   | 3 4 5 |  5.8
Translocations | 4 5 6 |  6.7
Invocations    | 1 3 4 |  4.4
Long Blades    | |  2.9
Throwing       | |  1.0
Dodging        | |  2.0

Action                   |  1- 3 |  4- 6 |  7- 9 | 10-12 || total
-------------------------+-------+-------+-------+-------++-------
Melee: Falchion          |    61 |       |     5 |       ||    66
       Lajatang          |       |    59 |   159 |    51 ||   269
 Fire: Hunting sling     |    49 |    29 |    60 |    20 ||   158
Throw: Stone             |     3 |     1 |       |       ||     4
       Boomerang         |     1 |       |       |       ||     1
       Dart              |       |       |     5 |     6 ||    11
 Cast: Gell's Gravitas   |       |     2 |       |       ||     2
Invok: Stomp             |       |       |     6 |     3 ||     9
       Line Pass         |       |       |     2 |     2 ||     4
  Use: Potion            |       |       |     1 |     4 ||     5
       Scroll            |       |       |     1 |     3 ||     4
 Stab: Sleeping          |       |     1 |     1 |       ||     2
       Paralysed         |       |       |     2 |     4 ||     6
       Confused          |       |       |     1 |       ||     1
Armor: Leather armour    |    21 |    11 |    42 |     9 ||    83
       Steam dragon scal |       |       |       |     5 ||     5
Dodge: Dodged            |    40 |    24 |    81 |    28 ||   173

Table legend: (Time is in decaauts)
 A = Elapsed time spent in this place.
 B = Non-inter-level travel time spent in this place.
 C = Inter-level travel time spent in this place.
 D = Time resting spent in this place.
 E = Time spent auto-exploring this place.
 F = Levels seen in this place.
 G = Mean time per level.
                   A        B        C        D        E       F      G
               +--------+--------+--------+--------+--------+-----+--------+
         Total |   8643 |   8482 |    161 |   1344 |   5681 |   9 |  960.3 |
       Dungeon |   8232 |   8113 |    119 |   1344 |   5343 |   8 | 1029.0 |
        Temple |    410 |    368 |     42 |      0 |    338 |   1 |  410.0 |
               +--------+--------+--------+--------+--------+-----+--------+

Top non-repeatable levels by time:
     D:3: 1526 daAuts
     D:7: 1481 daAuts
     D:6: 1403 daAuts
     D:5: 1207 daAuts
     D:1: 938 daAuts
     D:4: 808 daAuts
     D:2: 736 daAuts
  Temple: 410 daAuts
     D:8: 130 daAuts
